 Dungeon Crawl Stone Soup version 0.27.1-2-g3b301248ec (webtiles) character file.

Game seed: 8843846536499137868

448 vvl the Skirmisher (level 6, -3/47 HPs)
             Began as a Demonspawn Fighter on Sept 28, 2021.
             Slain by an ogre (5 damage)
             ... on level 5 of the Dungeon.
             The game lasted 00:10:48 (5110 turns).

vvl the Skirmisher (Demonspawn Fighter)             Turns: 5110, Time: 00:10:49

Health: -3/47      AC: 14    Str: 18    XL:     6   Next: 73%
Magic:  8/8        EV:  8    Int:  9    God:
Gold:   23         SH:  9    Dex: 13    Spells: 8/8 levels left

rFire    . . .     SeeInvis .   a - +0 trident
rCold    + . .     Faith    .   c - +0 kite shield
rNeg     . . .     Spirit   .   l - +2 ring mail {rC+}
rPois    .         Reflect  .   (helmet restricted)
rElec    .         Harm     .   (no cloak)
rCorr    .         Rampage  .   s - +0 pair of gloves
Will     .....                  n - +0 pair of boots
Stlth    +.........             (no amulet)
HPRegen  0.15/turn              o - +4 ring of protection
MPRegen  0.11/turn              (no ring)

@: mighty
A: antennae 1, powered by pain 1
a: no special abilities


You were on level 5 of the Dungeon.
You visited 1 branch of the dungeon, and saw 5 of its levels.

You collected 63 gold pieces.
You spent 40 gold pieces at shops.

Inventory:

Hand Weapons
 a - a +0 trident (weapon)
Armour
 c - a +0 kite shield (worn)
 l - a +2 ring mail of cold resistance (worn)
 n - a +0 pair of boots (worn)
 s - a +0 pair of gloves (worn)
Jewellery
 o - a +4 ring of protection (left hand)
 r - a ring of flight
 w - a ring of ice
Wands
 m - a wand of mindburst (6)
Scrolls
 e - 2 scrolls of amnesia
 f - 2 scrolls of vulnerability
 h - 2 scrolls of enchant weapon
 p - a scroll of brand weapon {unknown}
 t - a scroll of summoning
 v - a scroll of noise {unknown}
 x - a scroll of enchant armour
 z - a scroll of immolation
Potions
 d - a potion of ambrosia {unknown}
 g - a potion of attraction {unknown}
 i - a potion of berserk rage {unknown}
 j - a potion of brilliance
 k - a potion of magic
 q - a potion of haste
 u - a potion of invisibility {unknown}


   Skills:
 + Level 3.6 Fighting
 * Level 3.3 Polearms
 + Level 3.4 Armour
 + Level 1.7 Dodging
 + Level 3.3 Shields
 + Level 1.5 Spellcasting
 + Level 2.0 Necromancy
 + Level 1.7 Earth Magic
 + Level 2.3 Invocations
 + Level 0.1 Evocations


You had 8 spell levels left.
You didn't know any spells.
Your spell library was empty.

Dungeon Overview and Level Annotations

Branches:
Dungeon (5/15)
 Temple: D:4-7

Altars:
Ru

Shops:
D:3 ?


Innate Abilities, Weirdness & Mutations

You have a pair of small antennae on your head.
You sometimes gain a little power by taking damage.


Message History

The howler monkey zombie hits you but does no damage.
The howler monkey zombie barely misses you.
You hit the howler monkey zombie.
The howler monkey zombie is severely damaged.
The howler monkey zombie barely misses you.
You hit the howler monkey zombie.
The howler monkey zombie is almost destroyed.
The howler monkey zombie hits you but does no damage.
The ogre hits you with a +0 giant club!
You block the howler monkey zombie's attack.
You hit the ogre.
The ogre is lightly wounded.
You block the ogre's attack.
You barely miss the ogre.
The ogre is lightly wounded.
The ogre hits you with a +0 giant club!
You focus on the pain.
You feel very mighty all of a sudden.
You puncture the ogre!
The ogre is heavily wounded.
The ogre hits you with a +0 giant club!
* * * LOW HITPOINT WARNING * * *
You barely miss the ogre.
The ogre is heavily wounded.
The ogre hits you with a +0 giant club.
* * * LOW HITPOINT WARNING * * *
You hit the ogre.
The ogre is severely wounded.
The ogre barely misses you. You block the ogre's attack.
You barely miss the ogre.
The ogre is severely wounded.
The ogre barely misses you.
You barely miss the ogre.
The ogre is severely wounded.
The ogre hits you with a +0 giant club.
* * * LOW HITPOINT WARNING * * *
Aiming: Mindburst
Press: ? - help, Shift-Dir - straight line, f - ogre
Aim: an ogre, wielding a +0 giant club (severely wounded, chance to affect: 65%)
The ogre struggles to resist.
The ogre hits you with a +0 giant club.
You die...

..[.###........
.........
##........
#........#
#.........
#........#
#.........
#........#
#.......##
#/.......#
##.....##
........###.(.....#
........##........#
#..ZO@........#
#..#####.....##
#))# ##...## ...##
#### ###. .. #.# #.
..


You could see an ogre and a howler monkey zombie.

Vanquished Creatures
  A centaur (D:4)
  A scorpion (D:4)
  A gnoll shaman (D:4)
  A hound (D:4)
  Ijyb (D:4)
  Natasha (twice) (D:2)
  6 adders
  4 gnolls (D:5)
  A white imp (D:5)
  A dart slug (D:4)
  2 orcs (D:4)
  3 bats
  9 endoplasms
  5 giant cockroaches
  4 hobgoblins
  3 jackals (D:2)
  7 quokkas
  7 ball pythons
  2 frilled lizards
  11 goblins
  3 kobolds
  2 rats
77 creatures vanquished.

Notes
Turn   | Place    | Note
-------+----------+-------------------------------------------
     0 | D:1      | vvl the Demonspawn Fighter began the quest for the Orb.
     0 | D:1      | Reached XP level 1. HP: 18/18 MP: 1/1
   302 | D:1      | Gained mutation: You have a pair of small antennae on your
                  | head. [demonic ancestry]
   302 | D:1      | Reached XP level 2. HP: 14/24 MP: 2/2
   496 | D:1      | Found a faded altar of an unknown god.
  1394 | D:2      | Reached XP level 3. HP: 29/29 MP: 3/3
  1461 | D:2      | Noticed Natasha
  1473 | D:2      | Killed Natasha
  1474 | D:2      | Reached skill level 1 in Invocations
  1822 | D:2      | Gained mutation: You sometimes gain a little power by
                  | taking damage. [demonic ancestry]
  1822 | D:2      | Reached XP level 4. HP: 16/35 MP: 4/4
  1826 | D:2      | Reached skill level 1 in Dodging
  2102 | D:2      | Noticed Natasha
  2109 | D:2      | Killed Natasha
  2110 | D:2      | Reached skill level 1 in Necromancy
  2358 | D:3      | Reached skill level 1 in Earth Magic
  2525 | D:3      | You fall into a shaft and drop 2 floors!
  2525 | D:5      | Entered Level 5 of the Dungeon
  2559 | D:5      | Noticed a sky beast
  2569 | D:4      | Reached XP level 5. HP: 17/41 MP: 6/6
  2940 | D:3      | Found Ikhlosig's Magic Scroll Emporium.
  2944 | D:3      | Bought a scroll of identify for 20 gold pieces
  2944 | D:3      | Bought a scroll of identify for 20 gold pieces
  2960 | D:3      | Reached skill level 1 in Spellcasting
  3600 | D:4      | Noticed Ijyb
  3661 | D:4      | Killed Ijyb
  3661 | D:4      | HP: 1/41 [goblin/stone (4)]
  4153 | D:4      | Found a sacrificial altar of Ru.
  4642 | D:5      | Noticed a centaur
  4652 | D:4      | Killed a centaur
  4653 | D:4      | Reached XP level 6. HP: 15/47 MP: 6/8
  5109 | D:5      | HP: 2/47 [ogre (5)]
  5110 | D:5      | Slain by an ogre

Illustrated notes

Levels and vault maps discovered:
D:1:      dpeg_arrival_pits, layout_loops_cross,
          hellmonk_ecumenical_altar_arch_garden
D:2:      layout_loops_ring, uniq_natasha
D:3:      layout_loops_ring, serial_shops, nicolae_diamond_shop,
          mrwooster_statue_mirror
D:4:      kennysheep_the_goblin_king, layout_layer_cave, nicolae_ru_awakened_eye
D:5:      minmay_spotlight, layout_rooms, dk_noncrumbling_4, due_unseen_surprise

Skill      XL: |  1  2  3  4  5  6 |
---------------+-------------------+-----
Polearms       | 2 3 |  3.3
Invocations    | 1 2 |  2.3
Dodging        | 1 |  1.7
Necromancy     | 1 2 |  2.0
Earth Magic    | 1 |  1.7
Armour         | 3 |  3.4
Shields        | 3 |  3.3
Spellcasting   | 1 |  1.5
Fighting       | |  3.6
Evocations     | |  0.1

Action                   |  1- 3 |  4- 6 || total
-------------------------+-------+-------++-------
Melee: Trident           |   125 |   225 ||   350
Evoke: Wand              |       |     7 ||     7
  Use: Scroll            |       |     9 ||     9
       Potion            |       |     4 ||     4
Armor: Scale mail        |    15 |       ||    15
       Ring mail         |    41 |   137 ||   178
Dodge: Dodged            |    39 |   106 ||   145
Block: Kite shield       |    65 |   141 ||   206
